 Dungeon Crawl Stone Soup version 0.17-a0-896-g249456b (webtiles) character file.

3762 hornqvist the Covert (level 10, -7/71 HPs)
             Began as an Octopode Assassin on May 1, 2015.
             Was an Initiate of Gozag.
             Mangled by EmperorPingu0's ghost (22 damage)
             ... on level 8 of the Dungeon.
             The game lasted 00:13:25 (10098 turns).

hornqvist the Covert (Octopode Assassin)           Turns: 10098, Time: 00:13:25

Health: -7/71      AC:  6    Str: 14    XL:     10   Next: 15%
Magic:  10/10      EV: 13    Int: 14    God:    Gozag
Gold:   782        SH: 11    Dex: 15    Spells: 0 memorised, 9 levels left

rFire  . . .     SeeInvis .     m - +1 falchion (protect)
rCold  + . .     Clarity  .     y - +1 shield
rNeg   . . .     SustAb   .     (helmet restricted)
rPois  .         Gourm    .     v - amulet of resist corrosion
rElec  .         Spirit   .     j - ring of protection from cold
rCorr  +         Warding  .     e - ring of stealth
rMut   .         Stasis   .     (no ring)
MR     .....                    (no ring)
Stlth  +++++++++.               (no ring)
                                (no ring)
                                (no ring)
                                (no ring)

@: exhausted, slowed, very slow, not resistant to hostile enchantments,
incredibly stealthy
A: almost no armour, amphibious, 8 rings, constrict 8, camouflage 1, agile 1,
sense surroundings 1, robust 1, gelatinous body 1
a: Potion Petition, Call Merchant, Bribe Branch, Renounce Religion


You were on level 8 of the Dungeon.
You worshipped Gozag.
Gozag was noncommittal.
You were not hungry.

You visited 1 branch of the dungeon, and saw 8 of its levels.

You collected 1376 gold pieces.
You spent 127 gold pieces at shops.
You paid 467 gold pieces to Gozag.

Inventory:

Hand weapons
 a - a +2 dagger
 b - a +0 blowgun
 i - a +2 dagger of electrocution
 m - a +1 falchion of protection (weapon)
 B - a +0 dagger of venom
Missiles
 c - 45 poisoned needles
 d - 10 curare-tipped needles
Armour
 y - a +1 shield (worn)
Jewellery
 e - a ring of stealth (right tentacle)
 j - a ring of protection from cold (left tentacle)
 v - an amulet of resist corrosion (around mantle)
Scrolls
 f - a scroll of fear
 h - 14 scrolls of identify
 k - 6 scrolls of remove curse
 s - 3 scrolls of immolation
Potions
 p - a potion of flight {unknown}
 q - a potion of heal wounds {unknown}
 r - a potion of berserk rage
 u - a potion of lignification
Comestibles
 g - a meat ration
 l - a slice of pizza
 n - a bread ration


   Skills:
 - Level 4.5 Fighting
 + Level 3.4 Long Blades
 - Level 2.0 Throwing
 - Level 4.4 Dodging
 - Level 14.2 Stealth
 - Level 7.3 Shields


You had 9 spell levels left.
You didn't know any spells.

Dungeon Overview and Level Annotations

Branches:
Dungeon (8/15)             Temple (0/1) D:5
   Lair: D:8-11

Altars:
Dithmenos
Elyvilon
Fedhas
Gozag
Nemelex Xobeh
Trog
Vehumet
Xom
The Shining One

Shops:
D:5 (   D:8 (

Annotations:
D:8 EmperorPingu0's ghost, experienced DgFi


Innate Abilities, Weirdness & Mutations

You cannot wear most types of armour.
You are amphibious.
You can wear up to eight rings at the same time.
You can use your tentacles to constrict eight enemies at once.
Your skin changes colour to match your surroundings (Stealth).
Your rubbery body absorbs attacks (AC +1).
You are agile. (Dex +2)
You passively map a small area around you.
You are robust (+10% HP).


Message History

You feel yourself slow down.
EmperorPingu0's ghost hits you but does no damage.
You now have 53/71 hp.
You hit EmperorPingu0's ghost but do no damage.
Your squeeze misses EmperorPingu0's ghost.
You block EmperorPingu0's ghost's attack.
EmperorPingu0's ghost hits you!!
* * * LOW HITPOINT WARNING * * *
You barely miss EmperorPingu0's ghost.
Your squeeze misses EmperorPingu0's ghost.
EmperorPingu0's ghost closely misses you.
EmperorPingu0's ghost hits you!!
* * * LOW HITPOINT WARNING * * *
You take 39 damage, and have 14/71 hp.
MASSIVE DAMAGE!!
You are too injured to fight recklessly!
You are too injured to fight recklessly!
You are too injured to fight recklessly!
EmperorPingu0's ghost hits you!!
You die...
Your body crumbles into a pile of gold.

#.........#.............
,
+.........#.............
, ,,
#....(....#.............
##....##..#.........#+#
##....##..##+###....#,,
, ..........#....#....+
, ..........+....#....#
, ..........#....'....#
,* ,
###+####.###..##@...#, ,
* . #. #.W...#..# ,, ,..
+.....'..# , , , ..
#.....##'# , # #.....# #
..#'### , , ... .., ,
.... ...* ..... ..# ,


You could see EmperorPingu0's ghost.

Vanquished Creatures
  Pikel (D:5)
  Sigmund (D:5)
  Edmund (D:5)
  A black bear (D:7)
  An ice beast (D:7)
  A boring beetle (D:7)
  2 orc warriors (D:6)
  3 sky beasts
  A slave (D:5)
  5 ogres
  3 centaurs
  A water moccasin zombie (D:7)
  3 giant frogs (D:7)
  A scorpion (D:4)
  4 wights (D:7)
  4 crimson imps
  A giant frog zombie (D:6)
  2 centaur zombies (D:6)
  5 orc priests
  3 giant frog skeletons
  2 iguanas (D:7)
  4 worker ants
  Jessica (D:5)
  Natasha (thrice) (D:2)
  6 orc wizards
  A hound zombie (D:8)
  2 hound skeletons (D:7)
  Robin (D:3)
  8 adders
  4 gnolls
  2 shadow imps
  4 oozes
  An adder zombie (D:6)
  A worm (D:6)
  24 orcs
  5 giant cockroaches
  25 goblins
  20 hobgoblins
  5 jackals
  10 bats
  5 giant geckos
  7 giant newts
  A giant spore (D:7)
  14 kobolds
  A quokka (D:4)
  2 quokka zombies
  20 rats
  A ballistomycete (D:7)
224 creatures vanquished.

Vanquished Creatures (others)
  A giant frog skeleton (D:5)
1 creature vanquished.

Grand Total: 225 creatures vanquished

Notes
Turn   | Place    | Note
--------------------------------------------------------------
     0 | D:1      | hornqvist, the Octopode Assassin, began the quest for the Orb.
     0 | D:1      | Reached XP level 1. HP: 14/14 MP: 1/1
    77 | D:1      | Reached XP level 2. HP: 19/19 MP: 2/2
   207 | D:1      | Reached skill level 6 in Stealth
   342 | D:1      | Reached XP level 3. HP: 17/24 MP: 3/3
  1113 | D:2      | Noticed Natasha
  1120 | D:2      | Killed Natasha
  1120 | D:2      | Reached skill level 7 in Stealth
  1120 | D:2      | Reached XP level 4. HP: 28/30 MP: 4/4
  1180 | D:2      | Noticed Natasha
  1186 | D:2      | Killed Natasha
  1436 | D:2      | Noticed Natasha
  1465 | D:2      | Killed Natasha
  1768 | D:2      | Found a blossoming altar of Fedhas.
  1852 | D:2      | Found a shimmering altar of Xom.
  1852 | D:2      | Found a radiant altar of Vehumet.
  1905 | D:3      | Reached XP level 5. HP: 19/35 MP: 5/5
  2303 | D:3      | Found a shadowy altar of Dithmenos.
  2303 | D:3      | Found an opulent altar of Gozag.
  2310 | D:3      | Became a worshipper of Gozag Ym Sagoz the Greedy
  2579 | D:3      | Noticed Robin
  2723 | D:3      | Killed Robin
  3199 | D:4      | Reached skill level 8 in Stealth
  3228 | D:4      | Reached XP level 6. HP: 42/42 MP: 6/6
  3305 | D:4      | Noticed an ogre
  3312 | D:4      | Killed an ogre
  3783 | D:4      | Found a bloodstained altar of Trog.
  4077 | D:4      | Reached skill level 9 in Stealth
  4114 | D:5      | Entered Level 5 of the Dungeon
  4168 | D:5      | Found a staircase to the Ecumenical Temple.
  4205 | D:5      | Noticed Pikel
  4302 | D:5      | Found Jih Onec's Weapon Shop.
  4311 | D:5      | Killed Pikel
  4311 | D:5      | Reached skill level 10 in Stealth
  4311 | D:5      | Reached XP level 7. HP: 26/49 MP: 7/7
  4311 | D:5      | Reached XP level 8. HP: 28/54 MP: 8/8
  4531 | D:5      | Reached skill level 1 in Shields
  4848 | D:5      | Reached skill level 11 in Stealth
  4895 | D:5      | Noticed Sigmund
  4902 | D:5      | Killed Sigmund
  4934 | D:5      | Noticed Edmund
  4947 | D:5      | Killed Edmund
  5481 | D:5      | Found a sparkling altar of Nemelex Xobeh.
  5481 | D:5      | Noticed Jessica
  5485 | D:5      | Killed Jessica
  5759 | D:6      | Reached skill level 12 in Stealth
  5804 | D:6      | Reached XP level 9. HP: 17/59 MP: 9/9
  6354 | D:6      | Found a glowing golden altar of the Shining One.
  6545 | D:6      | Reached skill level 5 in Shields
  7029 | D:6      | Found a white marble altar of Elyvilon.
  7080 | D:6      | Found a sparkling altar of Nemelex Xobeh.
  7305 | D:7      | HP: 2/88 [sky beast (5)]
  7306 | D:7      | Reached skill level 13 in Stealth
  7343 | D:7      | Gained mutation: You passively map a small area around you. [potion of mutation]
  7343 | D:7      | Gained mutation: You are agile. (Dex +2) [potion of mutation]
  7343 | D:7      | Gained mutation: You are robust (+10% HP). [potion of mutation]
  8629 | D:7      | Reached skill level 14 in Stealth
  8902 | D:7      | Reached XP level 10. HP: 35/71 MP: 10/10
  9205 | D:8      | Found Itinn's Weapon Shoppe.
  9217 | D:8      | Bought a +1 falchion of protection for 127 gold pieces
  9264 | D:7      | Reached skill level 1 in Long Blades
 10077 | D:8      | Noticed EmperorPingu0's ghost (experienced DgFi)
 10098 | D:8      | Mangled by EmperorPingu0's ghost

Action                   |  1- 3 |  4- 6 |  7- 9 | 10-12 || total
-------------------------+-------+-------+-------+-------++-------
Melee: Dagger            |    50 |   126 |   329 |     2 ||   507
       Falchion          |       |       |       |   105 ||   105
 Fire: Blowgun           |     6 |    30 |       |       ||    36
Invok: Call Merchant     |       |       |     1 |       ||     1
  Use: Potion            |       |       |     6 |     1 ||     7
       Scroll            |       |       |     1 |     8 ||     9
 Stab: Sleeping          |    16 |    22 |    21 |     1 ||    60
       Distracted        |       |     1 |     2 |       ||     3
  Eat: Chunk             |     1 |     4 |       |       ||     5
       Beef jerky        |       |     2 |       |     1 ||     3
       Royal jelly       |       |     1 |       |       ||     1
       Bread ration      |       |       |     3 |     1 ||     4
       Pizza             |       |       |     1 |       ||     1
